 Dungeon Crawl Stone Soup version 0.29.1-15-g9cfb28693d (webtiles) character file.

Game seed: 474900308155350757

11944 safid the Frost Mage (level 11, -2/81 (86) HPs)
             Began as a Merfolk Ice Elementalist on Feb 24, 2023.
             Was a Priest of Vehumet.
             Slain by a hellwing (12 damage)
             ... summoned by an obsidian statue
             ... in a Gauntlet.
             The game lasted 00:51:29 (14352 turns).

safid the Frost Mage (Merfolk Ice Elementalist)    Turns: 14352, Time: 00:51:30

HP:   -2/81 (86)    AC: 18    Str:  8    XL:     11   Next: 85%
MP:   16/23         EV: 12    Int: 19    God:    Vehumet [***...]
Gold: 1870          SH:  0    Dex: 18    Spells: 2/26 levels left

rFire   . . .      SeeInvis .   o - staff of cold
rCold   + . .      Faith    .   (no shield)
rNeg    . . .      Spirit   .   x - +0 acid dragon scales
rPois   +          Reflect  .   (no helmet)
rElec   +          Harm     .   v - +0 cloak
rCorr   +          Rampage  .   u - +0 pair of gloves
Will    +....      NoTele   +   a - +2 pair of boots "Xoanwois" {rElec rPois Dex+3}
Stlth   ++........              y - amulet of the acrobat
HPRegen 0.23/turn               K - ring of willpower
MPRegen 0.18/turn               (no ring)

@: ice-armoured, freezing walls, hasted, drained, very quick
A: (nimble swimmer 2), mertail
a: Renounce Religion


You were in a Gauntlet.
You worshipped Vehumet.
Vehumet was most pleased with you.
You visited 3 branches of the dungeon, and saw 12 of its levels.
You also visited: Gauntlet.

You collected 1870 gold pieces.

Inventory:

Missiles
 j - 42 poisoned darts
 B - a curare-tipped dart (quivered)
 H - 2 throwing nets
Armour
 a - the +2 pair of boots "Xoanwois" (worn) {rElec rPois Dex+3}
   (You acquired it on level 9 of the Dungeon)

   Dex:       It affects your dexterity (+3).
   rElec:     It insulates you from electricity.
   rPois:     It protects you from poison.
 m - a +2 pair of boots of stealth
 p - a +0 robe of fire resistance
 u - a +0 pair of gloves (worn)
 v - a +0 cloak (worn)
 x - +0 acid dragon scales (worn)
 I - the +1 pair of boots "Jiowih" {Rampage rCorr}
   (You found it in a Gauntlet)

   rCorr:     It protects you from acid and corrosion.
   Rampage:   It bestows one free step when moving towards enemies.
Magical Staves
 o - a staff of cold (weapon)
Jewellery
 g - a ring of ice
 y - an amulet of the acrobat (around neck)
 K - a ring of willpower (left hand)
Wands
 C - a wand of paralysis (6)
 F - a wand of acid (11)
 J - a wand of flame (8)
Scrolls
 c - 3 scrolls of enchant armour
 h - a scroll of brand weapon {unknown}
 i - 2 scrolls of identify
 k - 4 scrolls of teleportation
 q - 3 scrolls of amnesia
 D - a scroll of vulnerability
Potions
 d - a potion of attraction {unknown}
 e - 4 potions of brilliance
 f - 3 potions of cancellation
 l - 7 potions of curing
 n - a potion of flight
 r - 4 potions of haste
 s - a potion of resistance
 t - a potion of berserk rage
 w - 2 potions of lignification
 z - a potion of might {unknown}
 A - 2 potions of heal wounds {unknown}
 E - a potion of mutation {unknown}


   Skills:
 - Level 8.0 Fighting
 + Level 5.3 Staves
 - Level 3.0 Dodging
 - Level 2.1 Stealth
 - Level 8.0 Spellcasting
 + Level 11.0 Ice Magic
 - Level 8.0 Poison Magic
 + Level 6.3 Evocations


You had 2 spell levels left.
You knew the following spells:

 Your Spells              Type           Power      Damage    Failure   Level
a - Freeze                Ice            100%       1d11      1%          1
b - Frozen Ramparts       Ice            100%       1d16      1%          3
c - Ozocubu's Armour      Ice            65%        N/A       1%          3
d - Hailstorm             Conj/Ice       42%        3d10      4%          4
e - Polar Vortex          Ice            32%        N/A       100%        9
f - Olgreb's Toxic Radia  Pois           38%        N/A       1%          4

Your spell library contained the following spells:

 Spells                   Type           Power      Damage    Failure   Level
 Airstrike                Air            3%         2d(1-17)  36%         4
 Poisonous Vapours        Pois/Air       44%        N/A       1%          2
 Sting                    Tmut/Pois      88%        1d7       3%          1
 Sublimation of Blood     Necr           7%         N/A       24%         2
 Wereblood                Tmut           7%         N/A       24%         2
 Stone Arrow              Conj/Erth      14%        3d7       13%         3
 Freezing Cloud           Conj/Ice/Air   16%        6-21      24%         5
 Metabolic Englaciation   Hex/Ice        21%        N/A       43%         5
 Fireball                 Conj/Fire      3%         3d4       71%         5
 Irradiate                Conj/Tmut      3%         3d12      71%         5
 Animate Armour           Summ/Erth      14%        N/A       85%         4
 Petrify                  Tmut/Erth      7%         N/A       85%         4
 Simulacrum               Ice/Necr       21%        N/A       95%         6
 Starburst                Conj/Fire      3%         6d3       99%         6
 Summon Hydra             Summ           3%         N/A       100%        7
 Ignition                 Fire           3%         3d4       100%        8
 Lehudib's Crystal Spear  Conj/Erth      3%         10d3      100%        8


Dungeon Overview and Level Annotations

Branches:
Dungeon (10/15)            Temple (1/1) D:7            Lair (1/5) D:10
Gauntlet (1/1)
    Orc: D:9-12

Altars:
Ashenzari
Cheibriados
Dithmenos
Elyvilon
Fedhas
Gozag
Hepliaklqana
Kikubaaqudgha
Makhleb
Nemelex Xobeh
Okawaru
Qazlal
Ru
Sif Muna
Trog
Uskayaw
Vehumet
Wu Jian
Xom
Yredelemnul
Zin
The Shining One

Shops:
D:5 :   D:7 [

Portals:
Ice
Cave: Lair:1

Annotations:
D:2 1 runed translucent door, Crazy Yiuf
D:3 Sigmund Gauntlet 8 transporters, exclusions: obsidian statue and orange crystal statue


Innate Abilities, Weirdness & Mutations

((You are very nimble when in or above water. (Stealth+, EV+, Speed+++)))
Your lower body shifts to a powerful aquatic tail in water.


Message History

You enter the transporter and appear at another place.
You break out of your daze!
The hellwing swoops through the air toward you!
The hellwing completely misses you. x2
Magic courses through your body. The hellwing hits you.
* * * LOW HITPOINT WARNING * * *
The hellwing hits you.
* * * LOW HITPOINT WARNING * * *
Casting: Hailstorm (dangerous; 4% risk of failure)
Confirm with . or Enter, or press ? or * to list all spells.
Casting: Frozen Ramparts (safe; 1% risk of failure)
Press: ? - help, Dir - look around, f - activate You feel a surge of power!
The walls around you are covered in ice.
Unknown command.
Casting: Frozen Ramparts (safe; 1% risk of failure)
Confirm with . or Enter, or press ? or * to list all spells.
You feel a surge of power! A film of ice covers your body!
The wall freezes the hellwing but does no damage.
The hellwing hits you.
* * * LOW HITPOINT WARNING * * *
The hellwing hits you but does no damage.
The wall freezes the hellwing but does no damage.
The hellwing hits you but does no damage.
The hellwing barely misses you.
You feel better.
Press: ? - help, v - describe, . - travel The floor.
Unknown command.
Casting: Ozocubu's Armour (safe; 1% risk of failure)
Confirm with . or Enter, or press ? or * to list all spells.
Aiming: Freeze (safe; 1% risk of failure)
Press: ? - help, Shift-Dir - straight line, f - hellwing
Aim: a hellwing (summoned)
You feel a surge of power!
You freeze the hellwing.
The hellwing is lightly wounded.
The entropy weaver shouts!
The wall freezes the hellwing but does no damage.
The hellwing hits you!
You die...

#####..#...#.####..#...#.#######.
..8..#.#...#.!:©s.B#...#..#.8.#..
.=©?$..#...#########...#....©§3.§
########...............##########
.........8.....8.....8...........
§.8.........................8....
§........#≈#########≈#...........
#≈#§#≈#≈####...4...####§#≈#≈#≈#§#
######### #..8.8@8..#############
#...©.©.©...# .............#
###.###.###.### #. #.# .# .. .
.## #. .. .# ## #


You could see an entropy weaver, a hellwing (summoned) and a redback.

Vanquished Creatures
  A quicksilver ooze (Gauntlet)
  Harold (D:9)
  2 two-headed ogres
  A death yak (D:10)
  An elephant (D:10)
  A torpor snail (Lair:1)
  A cane toad (Lair:1)
  Maggie (D:6)
  A kobold demonologist (D:10)
  A komodo dragon (D:7)
  3 trolls
  A hornet (D:8)
  4 blink frogs (Lair:1)
  6 yaks
  2 steam dragons
  Menkaure (D:5)
  An acid dragon (D:10)
  A water moccasin (D:9)
  3 orc warriors
  3 black bears
  A sky beast (D:7)
  An ogre (D:5)
  6 centaurs
  5 kobold brigands
  2 phantoms (D:5)
  Blork the orc (D:6)
  6 bullfrogs
  2 scorpions
  A necrophage (D:6)
  12 wights
  A howler monkey (D:5)
  3 jellies
  3 hounds
  3 orc priests
  A gnoll bouda (D:10)
  6 iguanas
  Jessica (D:3)
  9 orc wizards
  6 gnolls
  6 adders
  A shadow imp (D:7)
  10 white imps
  An ufetubus (D:5)
  2 worms
  21 orcs
  6 ball pythons
  5 bats
  6 endoplasms
  2 giant cockroaches
  7 goblins
  6 hobgoblins
  5 quokkas
  5 frilled lizards
  33 kobolds
  3 rats
  A butterfly (D:7)
226 creatures vanquished.

Vanquished Creatures (others)
  3 fungi (D:5)
  2 plants (D:6)
  4 withered plants (Gauntlet)
9 creatures vanquished.

Grand Total: 235 creatures vanquished

Notes
Turn   | Place    | Note
-------+----------+-------------------------------------------
     0 | D:1      | safid the Merfolk Ice Elementalist began the quest for the
                  | Orb.
     0 | D:1      | Reached XP level 1. HP: 13/13 MP: 3/3
   130 | D:1      | Reached XP level 2. HP: 1/20 MP: 0/5
   491 | D:1      | Reached skill level 1 in Fighting
  1088 | D:1      | Found a faded altar of an unknown god.
  1533 | D:2      | Reached XP level 3. HP: 26/26 MP: 6/6
  1559 | D:1      | Learned a level 3 spell: Frozen Ramparts
  2005 | D:2      | Found a runed translucent door.
  2006 | D:2      | Noticed Crazy Yiuf
  2618 | D:2      | Reached skill level 5 in Ice Magic
  2618 | D:2      | Reached XP level 4. HP: 18/33 MP: 1/8
  2622 | D:2      | Learned a level 3 spell: Ozocubu's Armour
  3059 | D:3      | Noticed Sigmund
  3266 | D:3      | Noticed Jessica
  3276 | D:3      | Killed Jessica
  3277 | D:3      | Reached skill level 1 in Poison Magic
  3426 | D:3      | Found a bloodstained altar of Trog.
  3756 | D:3      | Reached XP level 5. HP: 38/39 MP: 6/9
  3982 | D:4      | Got the Almanac of Glacial Conjuration
  4769 | D:5      | Entered Level 5 of the Dungeon
  4769 | D:5      | Noticed a black bear
  4855 | D:5      | Found a hazy altar of Hepliaklqana.
  4881 | D:5      | Reached XP level 6. HP: 27/47 MP: 3/10
  4886 | D:5      | Learned a level 4 spell: Hailstorm
  5223 | D:5      | Noticed Menkaure
  5334 | D:5      | Killed Menkaure
  5541 | D:5      | Reached XP level 7. HP: 51/53 MP: 9/12
  5630 | D:5      | Reached skill level 6 in Ice Magic
  6347 | D:5      | Found Mayq's Tremendous Tomes.
  6844 | D:5      | Reached XP level 8. HP: 61/61 MP: 10/14
  7110 | D:6      | Reached skill level 5 in Fighting
  7394 | D:6      | Reached skill level 7 in Ice Magic
  7475 | D:6      | Found a hide-covered altar of Uskayaw.
  7476 | D:6      | Noticed Maggie
  7487 | D:6      | Killed Maggie
  7488 | D:6      | Reached skill level 5 in Spellcasting
  7488 | D:6      | Reached skill level 5 in Poison Magic
  7582 | D:6      | Noticed Blork the orc
  7586 | D:6      | Killed Blork the orc
  7695 | D:6      | Found a burning altar of Makhleb.
  7904 | D:6      | Reached XP level 9. HP: 58/69 MP: 9/17
  8190 | D:7      | Found a staircase to the Ecumenical Temple.
  8197 | Temple   | Entered the Ecumenical Temple
  8267 | Temple   | Became a worshipper of Vehumet
  8645 | D:7      | Reached skill level 8 in Ice Magic
  9022 | D:7      | Reached * piety under Vehumet
  9022 | D:7      | Offered knowledge of Foxfire by Vehumet.
  9051 | D:7      | Found Li Erlang's Dragon-Slaying Spoils.
  9514 | D:7      | Noticed a komodo dragon
  9637 | D:7      | Killed a komodo dragon
  9638 | D:7      | Reached skill level 1 in Evocations
 10029 | D:8      | Reached skill level 1 in Staves
 10384 | D:8      | Reached XP level 10. HP: 41/73 MP: 12/19
 10698 | D:8      | Noticed a two-headed ogre
 10715 | D:8      | Killed a two-headed ogre
 10965 | D:8      | Reached skill level 9 in Ice Magic
 11105 | D:8      | Learned a level 9 spell: Polar Vortex
 11310 | D:9      | Identified the +0 rapier "Imp's Undoing" {pain, rN+ Int+5}
 11412 | D:9      | Noticed Harold
 11579 | D:9      | Killed Harold
 11757 | D:9      | Identified the +10 rapier of Drought {flame, rN++}
 11784 | D:9      | Identified 2 scrolls of acquirement
 11785 | D:9      | Acquired 1203 gold pieces
 11787 | D:9      | Acquired the +2 pair of boots "Xoanwois" {rElec rPois
                  | Dex+3}
 11820 | D:9      | Reached ** piety under Vehumet
 11820 | D:9      | Offered knowledge of Sandblast by Vehumet.
 11985 | D:9      | Noticed a two-headed ogre
 11993 | D:9      | Killed a two-headed ogre
 12179 | D:9      | Reached XP level 11. HP: 78/86 MP: 7/22
 12397 | D:10     | Entered Level 10 of the Dungeon
 12463 | D:10     | Found a snail-covered altar of Cheibriados.
 12679 | D:10     | Reached skill level 10 in Ice Magic
 12864 | D:10     | Learned a level 4 spell: Olgreb's Toxic Radiance
 12911 | D:10     | Found a glowing silver altar of Zin.
 13037 | D:10     | Found a glowing golden altar of the Shining One.
 13229 | D:10     | Noticed a death yak
 13234 | D:10     | Reached skill level 5 in Evocations
 13240 | D:10     | Killed a death yak
 13240 | D:10     | Offered knowledge of Scorch by Vehumet.
 13373 | D:10     | Found a staircase to the Lair.
 13580 | Lair:1   | Entered Level 1 of the Lair of Beasts
 13616 | Lair:1   | Found a gate leading to a gauntlet.
 13637 | Lair:1   | Reached *** piety under Vehumet
 13657 | Lair:1   | Offered knowledge of Airstrike by Vehumet.
 13658 | Lair:1   | Reached skill level 5 in Staves
 13681 | Lair:1   | Found a frozen archway.
 13687 | Gauntlet | Entered a Gauntlet
 13687 | Gauntlet | Found a transporter.
 13694 | Gauntlet | Noticed a hell beast
 13704 | Gauntlet | Noticed a quicksilver ooze
 13958 | Gauntlet | Found a transporter.
 13974 | Gauntlet | Found a transporter.
 13978 | Gauntlet | Found a transporter.
 13998 | Gauntlet | Found a transporter.
 13998 | Gauntlet | Noticed an obsidian statue
 14011 | Gauntlet | Found a transporter.
 14011 | Gauntlet | Noticed a wolf spider
 14012 | Gauntlet | Noticed an entropy weaver
 14016 | Gauntlet | Found a transporter.
 14020 | Gauntlet | Found a transporter.
 14047 | Gauntlet | Found a transporter.
 14047 | Gauntlet | Noticed an orange crystal statue
 14067 | Gauntlet | Found a transporter.
 14071 | Gauntlet | Found a transporter.
 14073 | Gauntlet | Noticed a death scarab
 14074 | Gauntlet | Noticed a death scarab
 14076 | Gauntlet | Noticed a spectral catoblepas
 14079 | Gauntlet | Found a transporter.
 14214 | Gauntlet | Killed a quicksilver ooze
 14215 | Gauntlet | Reached skill level 11 in Ice Magic
 14219 | Gauntlet | Identified the +1 pair of boots "Jiowih" {Rampage rCorr}
 14327 | Gauntlet | Noticed a soul eater
 14347 | Gauntlet | HP: 3/81 [hellwing[an obsidian statue] (2)]
 14349 | Gauntlet | HP: 1/81 [hellwing[an obsidian statue] (3)]
 14352 | Gauntlet | Slain by a hellwing

Illustrated notes

Levels and vault maps discovered:
D:1:      dpeg_chamrin_arrival_tetris, layout_basic,
          hellmonk_ecumenical_altar_blasted, st_stairs_5, roderic_lattice_a
D:2:      layout_loops_ring, serial_park_tiny_1, minmay_tromino_mix6,
          uniq_crazy_yiuf_cottage
D:3:      layout_loops_cross, amcnicky_altar_gilded, uniq_sigmund, uniq_jessica
D:4:      layout_loops_ring, chequers_big_river
D:5:      layout_cave_pools, mainiacjoe_overflow_24_doors, serial_park,
          serial_park_square3 [serial_park_minivault_5x5_1],
          serial_park_tiny_pond, serial_park_paths
          [serial_park_minivault_5x5_6], serial_park_tiny_pond,
          nicolae_shop_i_like_big_books, minmay_statues_item, uniq_menkaure
D:6:      layout_loops_ring, mainiacjoe_overflow_boulevard,
          nicolae_uskayaw_dance_hall, uniq_blork_the_orc, uniq_maggie
D:7:      layout_loops_ring, minmay_temple_entry_butterflies,
          nicolae_shop_dragon_depot, wad_rectangle_vault
D:8:      layout_basic, serial_curves, eino_curves_04, eino_curves_01,
          eino_curves_04
D:9:      layout_small_grid, uniq_harold
D:10:     layout_roguey, nicolae_tso_swordbearing_angel, zin_academy,
          overflow_temple_1_default, david_lair_generic
Temple:   hellmonk_temple_of_storms
Lair:1:   layout_gridlike, portal_ice_cave_entry_imps, gauntlet_entry_generic,
          infiniplex_staircase_pool_2, grunt_megastairs_3
Gauntlet: minmay_gauntlet_mixed_oops_all_seconds [minmay_gauntlet_arena_77_fan,
          gammafunk_gauntlet_arena_split_x, minmay_gauntlet_arena_77_museum,
          gammafunk_gauntlet_arena_chambers, minmay_gauntlet_arena_77_box,
          nicolae_gauntlet_arena_blocks, gauntlet_exit_hidden_loot]

Skill      XL: |  1  2  3  4  5  6  7  8  9 10 11 |
---------------+----------------------------------+-----
Fighting       | 1 2 3 4 6 7 8 |  8.0
Ice Magic      | 5 6 7 8 9 11 | 11.0
Poison Magic   | 1 2 3 4 5 7 8 |  8.0
Spellcasting   | 3 4 5 6 7 8 |  8.0
Evocations     | 1 4 6 |  6.3
Staves         | 1 3 5 |  5.3
Dodging        | 3 |  3.0
Stealth        | |  2.1

Action                   |  1- 3 |  4- 6 |  7- 9 | 10-12 || total
-------------------------+-------+-------+-------+-------++-------
Melee: Unarmed           |    12 |       |       |       ||    12
       Short sword       |    48 |     3 |       |       ||    51
       Punch             |     1 |     2 |     2 |     1 ||     6
       Staff             |       |    60 |   245 |    71 ||   376
       Tailslap          |       |       |     1 |       ||     1
Throw: Dart              |       |       |       |     1 ||     1
 Cast: Freeze            |    36 |    30 |    65 |    74 ||   205
       Frozen Ramparts   |     2 |     6 |    39 |    36 ||    83
       Ozocubu's Armour  |       |     4 |    26 |    25 ||    55
       Hailstorm         |       |       |       |     2 ||     2
  Use: Potion            |       |       |     3 |     4 ||     7
       Scroll            |       |       |     5 |    12 ||    17
 Stab: Sleeping          |     7 |     8 |       |       ||    15
       Distracted        |       |     1 |       |       ||     1
Armor: Robe              |    15 |    21 |    72 |       ||   108
       Acid dragon scale |       |       |    85 |   108 ||   193
Dodge: Dodged            |    87 |    64 |   230 |   152 ||   533
